 Dungeon Crawl Stone Soup version 0.25-a0-248-g18654cf (webtiles) character file.

Game seed: 11035910795262065797, levelgen mode: deterministic

86 Blackhawk the Covered (level 4, 0/41 HPs)
             Began as a Minotaur Fighter on Dec 3, 2019.
             Slain by a gnoll
             ... wielding a +0 halberd
              (8 damage)
             ... on level 3 of the Dungeon.
             The game lasted 00:01:32 (1097 turns).

Blackhawk the Covered (Minotaur Fighter)            Turns: 1097, Time: 00:01:32

Health: 0/41       AC:  7    Str: 22    XL:     4   Next: 26%
Magic:  3/3        EV:  7    Int:  5    God:
Gold:   106        SH:  9    Dex:  9    Spells: 3/3 levels left

rFire    . . .     SeeInvis .   a - +0 war axe
rCold    . . .     Gourm    .   c - +0 shield
rNeg     . . .     Faith    .   b - +0 scale mail
rPois    .         Spirit   .   (helmet restricted)
rElec    .         Reflect  .   (no cloak)
rCorr    .         Harm     .   (no gloves)
MR       .....                  (no boots)
Stlth    +.........             (no amulet)
HPRegen  0.13/turn              m - ring of stealth
MPRegen  0.08/turn              (no ring)

@: no status effects
A: retaliatory headbutt, horns 2
a: no special abilities


You were on level 3 of the Dungeon.
You were not hungry.

You visited 1 branch of the dungeon, and saw 3 of its levels.

You collected 106 gold pieces.

Inventory:

Hand Weapons
 a - a +0 war axe (weapon)
Armour
 b - a +0 scale mail (worn)
 c - a +0 shield (worn)
Jewellery
 m - a ring of stealth (left hand)
Scrolls
 e - 3 scrolls of remove curse {unknown}
 g - a scroll of teleportation {unknown}
 i - a scroll of magic mapping {unknown}
 j - 2 scrolls of identify {unknown}
 p - a scroll of noise {unknown}
Potions
 d - a potion of might
 h - 2 potions of heal wounds {unknown}
 k - a potion of flight {unknown}
 l - 2 potions of invisibility {unknown}
 o - a potion of berserk rage {unknown}
Comestibles
 f - 3 rations
 n - a chunk of flesh


   Skills:
 + Level 4.3 Fighting
 + Level 3.4 Axes
 + Level 4.4 Armour
 + Level 4.4 Shields


You had 3 spell levels left.
You didn't know any spells.
Your spell library was empty.

Dungeon Overview and Level Annotations

Branches:
Dungeon (3/15)

Altars:


Innate Abilities, Weirdness & Mutations

You reflexively headbutt those who attack you in melee.
You have a pair of horns on your head.


Message History

You slash the gnoll!
You kill the gnoll!
You have reached level 4!
You feel stronger. The gnoll hits you but does no damage.
You slash the gnoll!
The gnoll is almost dead.
The gnoll hits you but does no damage.
The gnoll hits you from afar with a +0 halberd!
* * * LOW HITPOINT WARNING * * *
The gnoll hits you with a +0 whip.
* * * LOW HITPOINT WARNING * * *
You hit the gnoll but do no damage.
The gnoll is almost dead.
The gnoll hits you but does no damage. The gnoll barely misses you.
You hit the gnoll.
You kill the gnoll!
You block the gnoll's attack. The gnoll hits you with a +0 halberd!
You die...

#. [....#.#
##.#####.##.#.# ..
#......(.##.#.###..
#.....<....%...<...
#........##.......#
#........##..#.##.#
#...[...........#
#........##..#..#
#........##@....#
#..........g......?
#...#.#####.....###
# .....## ......#
.......# ........
........##


You could see a gnoll.

Vanquished Creatures
  2 gnolls (D:3)
  An adder (D:2)
  An ooze (D:2)
  A dart slug (D:1)
  4 leopard geckos
  A giant cockroach (D:1)
  8 goblins
  7 hobgoblins
  3 jackals (D:2)
  3 bats (D:1)
  4 frilled lizards
  6 kobolds
  6 rats
47 creatures vanquished.

Notes
Turn   | Place    | Note
-------+----------+-------------------------------------------
     0 | D:1      | Blackhawk the Minotaur Fighter began the quest for the Orb.
     0 | D:1      | Reached XP level 1. HP: 19/19 MP: 0/0
   121 | D:1      | Reached XP level 2. HP: 27/27 MP: 1/1
   328 | D:1      | Reached XP level 3. HP: 33/33 MP: 2/2
  1093 | D:3      | Reached XP level 4. HP: 23/40 MP: 3/3
  1097 | D:3      | Slain by a gnoll

Levels and vault maps discovered:
D:1:      lemuel_arrival_behind_the_door_large, layout_basic,
          minmay_misc_feat_doors, minmay_circled_x
D:2:      layout_basic, item_on_display_a
D:3:      layout_loops_ring, dancing_weapons_uskayaw, first_ration

Skill      XL: |  1  2 |
---------------+-------+-----
Fighting       | 4 |  4.3
Shields        | 4 |  4.4
Axes           | 3 |  3.4
Armour         | 4 |  4.4

Action                   |  1- 3 |  4- 6 || total
-------------------------+-------+-------++-------
Melee: War axe           |   101 |     3 ||   104
       Headbutt          |    17 |       ||    17
  Eat: Chunk             |     1 |       ||     1
Armor: Scale mail        |    47 |     3 ||    50
Dodge: Dodged            |    24 |     1 ||    25
Block: Shield            |    58 |     1 ||    59

Table legend:
 A = Non-vault XP
 B = Vault XP
 C = Vault XP percentage of total XP
 D = Non-vault monster count
 E = Vault monster count
 F = Vault count percentage of total count
                 A         B        C        D         E       F
            +---------+---------+-------+---------+---------+-------
      Total |     114 |       9 |   7.3 |      43 |       4 |   8.5
            +---------+---------+-------+---------+---------+-------
        D:1 |      36 |       9 |  20.0 |      23 |       4 |  14.8
        D:2 |      45 |       0 |   0.0 |      17 |       0 |   0.0
        D:3 |      33 |       0 |   0.0 |       3 |       0 |   0.0
            +---------+---------+-------+---------+---------+-------
